 Dungeon Crawl Stone Soup version 0.30-a0-595-g91969c0fa5 (webtiles) character file.

Game seed: 652803104898675951

364808 MackTheKnife the Sorcerer (level 21, -2/134 HPs)
             Began as a Deep Elf Wanderer on Jan 6, 2023.
             Was the Champion of Vehumet.
             Killed from afar by Mara (illusionary) (21 damage)
             ... with a bolt of fire
             ... on level 2 of the Depths.
             The game lasted 02:14:09 (67539 turns).

MackTheKnife the Sorcerer (Deep Elf Wanderer)      Turns: 67539, Time: 02:14:09

Health: -2/134     AC: 14    Str: 15    XL:     21   Next: 56%
Magic:  0/51       EV: 24    Int: 45    God:    Vehumet [******]
Gold:   1738       SH:  0    Dex: 19    Spells: 1/69 levels left

rFire   + . .      SeeInvis +    K - +7 halberd of the Mosquito {pain, Will+ Int+5 SInv, polearm}
rCold   + + .      Faith    .    (shield currently unavailable)
rNeg    . . .      Spirit   +    T - +1 robe {Archmagi}
rPois   +          Reflect  .    o - +2 helmet {Int+3}
rElec   .          Harm     .    n - +2 cloak {Will+}
rCorr   .          Rampage  .    m - +2 pair of gloves
Will    ++++.      Archmagi +    w - +1 pair of boots "Ymexkeje" {rPois Int+7}
Stlth   ++                       v - amulet of guardian spirit
HPRegen 0.42/turn                I - ring of Forad {+Blink rC+ Str+4 Int+5, =R}
MPRegen 0.32/turn                p - ring of the Bright Coconut {rF+ rC+ Int+3}

@: very slightly contaminated
A: no striking features
}: 2/15 runes: decaying, serpentine
a: Renounce Religion, Evoke Blink


You were on level 2 of the Depths.
You worshipped Vehumet.
Vehumet was exalted by your worship.
You visited 8 branches of the dungeon, and saw 38 of its levels.
You also visited: Bailey, Ice Cave and Volcano.

You collected 4631 gold pieces.
You spent 2893 gold pieces at shops.


   Skills:
 - Level 15.0 Fighting
 - Level 1.5 Armour
 - Level 16.9 Dodging
 - Level 2.4 Unarmed Combat
 + Level 24.7 Spellcasting
 + Level 15.2 Conjurations
 - Level 16.7 Necromancy
 + Level 19.9 Fire Magic
 - Level 10.9 Ice Magic
 - Level 3.8 Air Magic
 - Level 3.0 Poison Magic
 - Level 5.4 Evocations


You had one spell level left.
You knew the following spells:

 Your Spells              Type           Power      Damage    Failure   Level
a - Shock                 Conj/Air       100%       1d9       0%          1
b - Mephitic Cloud        Conj/Pois/Air  100%       N/A       1%          3
c - Sticky Flame          Conj/Fire      100%       2d11      0%          4
d - Ozocubu's Armour      Ice            100%       N/A       0%          3
e - Death Channel         Necr           71%        N/A       1%          6
f - Freezing Cloud        Conj/Ice/Air   60%        6-21      1%          5
g - Iskenderun's Mystic   Conj/Tloc      100%       2d19      1%          4
h - Summon Forest         Summ/Tloc      35%        N/A       8%          5
i - Ignite Poison         Fire/Tmut/Pois 100%       N/A       1%          3
j - Ozocubu's Refrigerat  Ice            62%        4d21      1%          7
l - Yara's Violent Unrav  Hex/Tmut       35%        3d14      2%          5
m - Borgnjor's Vile Clut  Necr/Erth      57%        N/A       1%          5
r - Ignition              Fire           75%        3d20      1%          8
z - Fire Storm            Conj/Fire      72%        8d18      5%          9

Your spell library contained the following spells:

 Spells                   Type           Power      Damage    Failure   Level
 Chain Lightning          Conj/Air       59%        3d79      77%         9
 Shatter                  Erth           35%        3d28*     100%        9
 Necrotise                Necr           100%       1d9       0%          1
 Apportation              Tloc           100%       N/A       1%          1
 Sandblast                Erth           100%       2d20      1%          1
 Summon Small Mammal      Summ           100%       N/A       1%          1
 Sublimation of Blood     Necr           100%       N/A       0%          2
 Inner Flame              Hex/Fire       100%       N/A       0%          3
 Animate Dead             Necr           100%       N/A       0%          4
 Flame Wave               Conj/Fire      100%       2d21      0%          4
 Fireball                 Conj/Fire      72%        3d27      0%          5
 Passwall                 Tmut/Erth      58%        N/A       1%          2
 Poisonous Vapours        Pois/Air       100%       N/A       1%          2
 Wereblood                Tmut           70%        N/A       1%          2
 Call Canine Familiar     Summ           70%        N/A       1%          3
 Portal Projectile        Hex/Tloc       100%       N/A       1%          3
 Stone Arrow              Conj/Erth      100%       3d13      1%          3
 Olgreb's Toxic Radiance  Pois           90%        N/A       1%          4
 Summon Ice Beast         Ice/Summ       100%       N/A       1%          4
 Summon Lightning Spire   Summ/Air       83%        N/A       1%          4
 Irradiate                Conj/Tmut      56%        3d30      1%          5
 Metabolic Englaciation   Hex/Ice        51%        N/A       1%          5
 Simulacrum               Ice/Necr       67%        N/A       1%          6
 Leda's Liquefaction      Hex/Erth       35%        N/A       2%          4
 Passage of Golubria      Tloc           70%        N/A       2%          4
 Petrify                  Tmut/Erth      70%        N/A       2%          4
 Silence                  Hex/Air        41%        N/A       3%          5
 Eringya's Noxious Bog    Tmut/Pois      40%        N/A       6%          6
 Blade Hands              Tmut           35%        N/A       8%          5
 Summon Mana Viper        Hex/Summ       70%        N/A       8%          5
 Lehudib's Crystal Spear  Conj/Erth      56%        10d13     21%         8
 Statue Form              Tmut/Erth      46%        N/A       38%         6
 Maxwell's Capacitive Co  Air            47%        ∞         65%         8
 Storm Form               Tmut/Air       41%        N/A       71%         7
 Dragon Form              Tmut           35%        N/A       93%         7
 Enfeeble                 Hex            35%        N/A       93%         7
 Monstrous Menagerie      Summ           35%        N/A       93%         7
 Summon Hydra             Summ           35%        N/A       93%         7

Inventory:

Hand Weapons
 a - a +2 triple sword of electrocution {longrare=g}
   (You found it on level 2 of the Vaults)
 K - the +7 halberd of the Mosquito (weapon) {pain, Will+ Int+5 SInv, polearm}
   (You acquired it on level 11 of the Dungeon)

   Int:       It affects your intelligence (+5).
   SInv:      It lets you see invisible.
   Will:      It increases your willpower.
Armour
 m - a +2 pair of gloves (worn)
   (You found it on level 4 of the Dungeon)
 n - a +2 cloak of willpower (worn)
   (You found it on level 12 of the Dungeon)
 o - a +2 helmet of intelligence (worn)
   (You found it in a bailey)
 w - the +1 pair of boots "Ymexkeje" (worn) {rPois Int+7}
   (You acquired it on level 1 of the Vaults)

   Int:       It affects your intelligence (+7).
   rPois:     It protects you from poison.
 x - +0 fire dragon scales
   (You found it on level 1 of the Depths)
 L - +0 shadow dragon scales {rare}
   (You found it on level 4 of the Vaults)
 T - a +1 robe of the Archmagi (worn)
   (You took it off a kobold demonologist on level 10 of the Dungeon)
Jewellery
 j - a ring of wizardry
   (You took it off a vault warden on level 4 of the Vaults)
 p - the ring of the Bright Coconut (right hand) {rF+ rC+ Int+3}
   (You bought it in a shop on level 2 of the Orcish Mines)

   [ring of protection from fire]

   Int:       It affects your intelligence (+3).
   rF:        It protects you from fire.
   rC:        It protects you from cold.
 v - an amulet of guardian spirit (around neck)
   (You found it on level 4 of the Lair of Beasts)
 B - a ring of see invisible
   (You found it on level 5 of the Dungeon)
 C - a ring of willpower
   (You took it off a yaktaur on level 9 of the Dungeon)
 F - a ring of resist corrosion
   (You found it on level 4 of the Swamp)
 I - the ring of Forad (left hand) {+Blink rC+ Str+4 Int+5, =R}
   (You acquired it in a bailey)

   [ring of protection from cold]

   Str:       It affects your strength (+4).
   Int:       It affects your intelligence (+5).
   rC:        It protects you from cold.
   +Blink:    It lets you blink.
 R - a ring of flight
   (You found it on level 8 of the Dungeon)
 S - a ring of protection from cold
   (You found it on level 15 of the Dungeon)
Wands
 q - a wand of digging (25)
   (You found it on level 9 of the Dungeon)
 u - a wand of light (7)
   (You found it in an ice cave)
 y - a wand of iceblast (11)
   (You found it in an ice cave)
 O - a wand of flame (24)
   (You found it on level 11 of the Dungeon)
 X - a wand of charming (19)
   (You found it on level 3 of the Lair of Beasts)
Scrolls
 g - 2 scrolls of poison {!r}
 D - a scroll of silence {!r}
 E - 2 scrolls of magic mapping {!r}
 H - 2 scrolls of brand weapon
 M - 4 scrolls of fear
 N - 7 scrolls of enchant weapon
 P - 4 scrolls of teleportation {@r4}
 Q - 6 scrolls of immolation {!r!r}
 U - 15 scrolls of identify {@r1}
 V - 2 scrolls of blinking {!r}
 W - 4 scrolls of fog
Potions
 b - 5 potions of cancellation
 c - 11 potions of curing {@q1}
 e - 4 potions of magic
 f - 4 potions of resistance
 h - 7 potions of brilliance
 i - 2 potions of berserk rage {!q}
 k - 4 potions of flight
 r - 3 potions of heal wounds {@q2}
 t - 2 potions of invisibility
 z - 6 potions of might
 G - 7 potions of haste {@q3}
 J - 2 potions of mutation {!q}
 Y - 2 potions of ambrosia
Miscellaneous
 d - a lightning rod (4/4)
   (You found it on level 11 of the Dungeon)
 l - a condenser vane
   (You found it in an ice cave)
 s - a piece from Xom's chessboard (15/15)
   (You found it on level 2 of the Swamp)
 A - a phial of floods
   (You found it on level 15 of the Dungeon)
 Z - a box of beasts
   (You found it on level 12 of the Dungeon)

Dungeon Overview and Level Annotations

Branches:
Dungeon (15/15) Zot: 23893  Temple (1/1) D:5 Zot: 5869    Lair (5/5) D:10 Zot: 19918
  Swamp (4/4) Lair:2 Zot: 17849   Snake (4/4) Lair:3 Zot: 15923   Slime (0/5) Lair:4
    Orc (2/2) D:12 Zot: 9037     Elf (0/3) Orc:2        Vaults (5/5) D:14 Zot: 18812
  Crypt (0/3) Vaults:2     Depths (2/4) D:15 Zot: 9492  Bailey (visited)
  IceCv (visited)         Volcano (visited)

Altars:
Ashenzari
Cheibriados
Dithmenos
Elyvilon
Fedhas
Gozag
Hepliaklqana
Kikubaaqudgha
Makhleb
Nemelex Xobeh
Okawaru
Qazlal
Ru
Sif Muna
Trog
Uskayaw
Vehumet
Wu Jian
Xom
Yredelemnul
Zin
The Shining One

Shops:
D:1 !   D:6 ?   D:7 ?   D:9 =   Orc:2 (:[=*   Vaults:2 [   Depths:1 [

Portals:
Hell: Depths:1
Abyss: Depths:1
Trove: D:13 (give 6 scrolls of fog)

Annotations:
Swamp:1 Roxanne
Snake:2 2 transporters, CoolSool's ghost, journeyman DrBe
Snake:4 Mlioglotl
Vaults:2 exclusion: downstairs
Vaults:3 Mennas; Plog's ghost, adept AtMo; Putsipo's ghost, veteran GrGl; Siling's ghost, adept DjFE; Uquewn Suowu's ghost, veteran GnWr; Wikemp's ghost, veteran DsWn; Ymilidghe's ghost, adept TrGl
Vaults:4 exclusions: door and upstairs, Frederick
Depths:2 Mara

##### ..~≈≈≈~.!..u..
###...#
#.~≈≈≈~Vvv)†..
#<†[#.#
#.~~≈≈C.v.))†.
###...#
..~≈≈....[.(. ##.##
..~~...[)... #.#
#...÷†v.... ##.##
#####...○.....
#...###.@○##○C)○....
#.#.....#R.)○vv○.v..
#...###R.R###°.°....
##### ##### ....÷##
######. ....v.... ..
..#.... .....$..##..
###.......
..#.........
##.....>...
..##.....).
#.......... )R..#


You could see 3 Maras and 2 friendly fire vortices.


Message History

The fire giant hits you with a +2 great sword of flaming.
The fire giant gestures at you while chanting.
The bolt of fire hits your fire vortex.
Your fire vortex completely resists.
The bolt of fire hits the fire giant!
The fire giant resists.
The fire giant dies!
The bolt of fire hits you! You resist.
The frost giant is engulfed in blazing flames.
The frost giant gestures at you while chanting.
You hear a sizzling sound! 😕 HP[-10]
You take 10 damage, and now have 112/134 hp.
Mara is engulfed in blazing flames.
Mara hits your fire vortex with a +3 vampiric demon blade!
The frost giant is engulfed in blazing flames.
The frost giant points at you and mumbles some strange words.
The bolt of cold hits your fire vortex!!!
Your fire vortex is frozen!
You hear a sizzling sound! 😕 HP[+1]
Casting: Ignition (mildly dangerous; 1% risk of failure)
Confirm with . or Enter, or press ? or * to list all spells.
Aiming: Fire Storm (dangerous; 5% risk of failure)
Press: ? - help, Dir - move target, f - Mara
Aim: Mara, wielding a +3 vampiric demon blade and wearing a +0 robe (lightly wounded)
You feel a surge of power!
A raging storm of fire appears!
The great blast of fire engulfs Mara!!!
Mara partially resists.
You hear a shout! 😕 MP[-8]
You lost 8 mp, and now have 33/51 mp.
Casting: Fire Storm (dangerous; 5% risk of failure)
Confirm with . or Enter, or press ? or * to list all spells.
Aiming: Fire Storm (dangerous; 5% risk of failure)
Press: ? - help, Dir - move target, f/p - Mara
Aim: Mara, wielding a +3 vampiric demon blade and wearing a +0 robe (flame, moderately wounded)
You feel a surge of power! That beam is likely to hit you.
Continue anyway?
A raging storm of fire appears!
The great blast of fire engulfs Mara!!!
Mara partially resists.
The great blast of fire engulfs the fire giant!!!
The fire giant partially resists.
You kill the fire giant!
Vehumet accepts your kill.
The great blast of fire engulfs the brown very ugly thing!!!
You kill the brown very ugly thing!
Vehumet accepts your kill.
Mara is engulfed in blazing flames.
Your fire vortex misses Mara.
The frost giant hits your fire vortex with a +2 battleaxe of freezing!
The frost giant freezes your fire vortex!
The frost giant hits something with a +2 battleaxe of freezing!
The frost giant freezes something. 😕 MP[-9]
You lost 9 mp, and now have 24/51 mp.
Casting: Fire Storm (dangerous; 5% risk of failure)
Confirm with . or Enter, or press ? or * to list all spells.
Aiming: Fire Storm (dangerous; 5% risk of failure)
Press: ? - help, Dir - move target, f/p - Mara
Aim: Mara, wielding a +3 vampiric demon blade and wearing a +0 robe (flame, severely wounded)
You feel a surge of power! That beam is likely to hit you.
Continue anyway?
A raging storm of fire appears!
The great blast of fire engulfs Mara!!
Mara partially resists.
The great blast of fire engulfs you!!! You partially resist.
You are engulfed in blazing flames.
You resist.
Your fire vortex hits Mara.
Your fire vortex burns Mara!
Mara completely resists.
Your fire vortex hits the frost giant.
Your fire vortex burns the frost giant!
Mara is engulfed in blazing flames. 😮 HP[-43] MP[-15]
You take 43 damage, and now have 70/134 hp.
MASSIVE DAMAGE!! (PAUSE)
You lost 15 mp, and now have 9/51 mp.
Casting: Fire Storm (dangerous; 5% risk of failure)
Confirm with . or Enter, or press ? or * to list all spells.
Aiming: Fire Storm (dangerous; 5% risk of failure)
Press: ? - help, Dir - move target, f - fire vortex, p - Mara
Aim: a fire vortex (flame, friendly)
You feel a surge of power! That beam is likely to hit you.
Continue anyway?
You miscast Fire Storm.
You are very lightly contaminated with residual magic.
You are caught in a violent explosion!!
* * * LOW HITPOINT WARNING * * *
You are engulfed in blazing flames.
You resist.
* * * LOW HITPOINT WARNING * * *
Mara is engulfed in blazing flames.
Mara weaves an illusion.
Mara shimmers and seems to become three!
The frost giant is engulfed in blazing flames. 😨 HP[-24] MP[-8]
You take 24 damage, and now have 46/134 hp.
You lost 8 mp, and now have 1/51 mp.
Unknown command.
Unknown command.
Mara attacks as you move away!
Mara hits you with a +3 vampiric demon blade!!
* * * LOW HITPOINT WARNING * * *
Mara draws strength from your wounds! Mara attacks as you move away!
Mara closely misses you.
Mara is engulfed in blazing flames. x2
Mara gestures at you. The bolt of fire hits you!! You resist.
You die...

Skill      XL: |  1  2  3  4  5  6  7  8  9 10 11 12 13 14 15 16 17 18 19 20 21 |
---------------+----------------------------------------------------------------+-----
Spellcasting   | 2 3 4 5 7 9 11 12 15 19 22 23 24 | 24.7
Air Magic      | 2 3 |  3.8
Conjurations   | 1 2 3 5 6 8 9 11 14 15 | 15.2
Poison Magic   | 1 2 3 |  3.0
Fire Magic     | 2 5 7 8 12 16 17 19 | 19.9
Ice Magic      | 5 10 | 10.9
Dodging        | 7 11 13 15 16 | 16.9
Fighting       | 6 8 11 12 13 14 15 | 15.0
Evocations     | 5 |  5.4
Necromancy     | 13 16 | 16.7
Armour         | |  1.5
Unarmed Combat | |  2.4

Action                   |  1- 3 |  4- 6 |  7- 9 | 10-12 | 13-15 | 16-18 | 19-21 || total
-------------------------+-------+-------+-------+-------+-------+-------+-------++-------
Melee: Dagger            |    23 |     2 |       |       |       |       |       ||    25
       Unarmed           |       |    12 |       |       |       |       |       ||    12
       Punch             |       |     1 |       |       |       |       |       ||     1
       Staff             |       |       |     3 |     4 |       |       |       ||     7
       Halberd           |       |       |       |    18 |   233 |   155 |    89 ||   495
 Cast: Shock             |    55 |   115 |   255 |   388 |   201 |       |       ||  1014
       Mephitic Cloud    |       |     5 |    39 |    50 |    15 |       |       ||   109
       Sticky Flame      |       |       |     9 |   175 |    32 |       |       ||   216
       Ozocubu's Armour  |       |       |     1 |     3 |     2 |       |       ||     6
       Poisonous Vapours |       |       |       |    15 |     7 |       |       ||    22
       Inner Flame       |       |       |       |     1 |       |       |       ||     1
       Olgreb's Toxic Ra |       |       |       |    14 |    61 |     5 |       ||    80
       Ignite Poison     |       |       |       |    13 |    87 |     2 |       ||   102
       Iskenderun's Myst |       |       |       |     1 |    14 |     1 |       ||    16
       Ozocubu's Refrige |       |       |       |       |   189 |   355 |   158 ||   702
       Freezing Cloud    |       |       |       |       |    18 |     5 |     1 ||    24
       Death Channel     |       |       |       |       |     5 |     2 |     1 ||     8
       Fireball          |       |       |       |       |    13 |     6 |       ||    19
       Ignition          |       |       |       |       |       |   137 |   185 ||   322
       Borgnjor's Vile C |       |       |       |       |       |     4 |    36 ||    40
       Summon Forest     |       |       |       |       |       |       |     3 ||     3
       Fire Storm        |       |       |       |       |       |       |    26 ||    26
 Abil: Evoke Blink       |       |       |       |     3 |       |       |       ||     3
Evoke: Wand              |       |       |     8 |    38 |     9 |     8 |     3 ||    66
       Lightning rod     |       |       |       |     4 |     4 |       |     4 ||    12
       Box of beasts     |       |       |       |       |     3 |     3 |     3 ||     9
       Condenser vane    |       |       |       |       |     3 |     2 |     1 ||     6
       Phial of floods   |       |       |       |       |       |     2 |     2 ||     4
  Use: Potion            |       |     1 |     2 |     2 |       |     5 |     4 ||    14
       Scroll            |       |    10 |    13 |    19 |     7 |     5 |     8 ||    62
 Stab: Distracted        |       |       |       |       |     2 |       |       ||     2
       Sleeping          |       |       |       |       |       |       |     1 ||     1
Armor: Scale mail        |     9 |       |       |       |       |       |       ||     9
       Robe              |     4 |     4 |       |       |       |       |    30 ||    38
       Skin              |       |    22 |       |       |       |       |       ||    22
       Leather armour    |       |     6 |    16 |    60 |    94 |    73 |       ||   249
       Swamp dragon scal |       |       |       |       |       |     1 |     6 ||     7
Dodge: Dodged            |    15 |    28 |    27 |   289 |   410 |   291 |   164 ||  1224

Levels and vault maps discovered:
D:1:      erik_arrival_blinker_ship, layout_basic, serial_shops, shop_coins,
          hangedman_abyss_or_decor_stabs, palyth_stone_intersect, minivault_24
D:2:      layout_basic, uniq_natasha, uniq_terence
D:3:      layout_rooms, hellmonk_ecumenical_altar_leap_of_faith,
          minmay_misc_feat_roman, uniq_grinder
D:4:      layout_cave_pools, nzn_wu_jian_contemplation
D:5:      layout_cave_pools, lemuel_coloured_pillars_altar, kennysheep_mini,
          minmay_temple_entry_ruins
D:6:      layout_basic, serial_shops, shop_statue, kennysheep_nondescript,
          wad_floor_pattern_untrapped, uniq_edmund, uniq_crazy_yiuf_cottage
D:7:      layout_loops_cross, serial_shops, shop_coins, reono_crystal_passage
D:8:      layout_rooms, vehumet_crystals, elyvilon_altar_5, enter_bailey_5,
          minmay_mini_ossuary, uniq_maggie
D:9:      minmay_sliced_demisemicircle, layout_stronghold,
          nemelex_xobeh_ov_fountains_minmay, evilmike_ruin_ashenzari,
          serial_shops, nicolae_lakefront_shop, statue_in_the_mist_lemuel,
          kennysheep_nub, uniq_erica
D:10:     layout_roguey, grunt_temple_overflow_gold_and_silver,
          erik_lair_island, uniq_psyche
D:11:     layout_cave_pools, david_defended_altar_orc
D:12:     layout_long_grid, hiddenorc1_lemuel,
          portal_ice_cave_entry_ice_simulacra
D:13:     layout_layer_cave, enter_trove_3
D:14:     minmay_clustersquares, layout_basic, skrybe_vaults_entry_preservation,
          minmay_misc_feat_rugged, hangedman_abyss_or_decor_passed, uniq_lodul,
          uniq_jorgrun, uniq_frances
D:15:     hangedman_depths_entry_civil_slaughter, layout_loops_ring,
          gammafunk_ghost_grave, hangedman_decor_peaks_small,
          minmay_joined_circles
Temple:   compressed_dpeg_triangle_lava_temple
Lair:1:   layout_cave_pods, grunt_megastairs_4, serial_bayou_shore_a
Lair:2:   layout_cave_pods, skrybe_swamp_entry_bodies,
          grunt_forest_large_clearing_hut, serial_bayou_shore_b,
          grunt_megastairs_5, uniq_prince_ribbit2
Lair:3:   layout_misc_corridors, minmay_snake_entry_guardpost_small,
          dreamdust_mushroom_princess, grunt_megastairs_2
Lair:4:   layout_cave_shapes, nicolae_slime_entry_field_trip,
          ebering_ghost_reflecting_pool, pdpol_lair_neglected_garden,
          st_stairs_11, grunt_megastairs_1
Lair:5:   cheibrodos_lair_end_hotspot, layout_regular_city, lemuel_fruit_tree
Swamp:1:  layout_basic_swamp, hangedman_swamp_pad, uniq_roxanne
Swamp:2:  layout_basic_swamp, nicolae_swamp_oxbows, swamp_pool1
Swamp:3:  nicolae_swamp_husk_halls, layout_basic_swamp,
          infiniplex_staircase_pool, swamp_pool5, nicolae_swamp_necromancer_hut
Swamp:4:  swamp_basic_johnstein, layout_basic_swamp
Snake:1:  layout_rooms, nicolae_snake_salamander_fort, serial_bayou_shore_b
Snake:2:  cheibrodos_snake_lava_hold, layout_onion, gammafunk_ghost_arena,
          minmay_snake_pond, serial_bayou_shore_b, uniq_vashnia, uniq_agnes
Snake:3:  layout_cave_town
Snake:4:  grunt_snake_rune_pools, layout_cave_town, basic_altar, uniq_mlioglotl
Orc:1:    layout_caves, nicolae_volcano_entry_lava_flow, basic_altar
Orc:2:    st_orc_town, layout_diamond_mine, serial_shops, shop_fountains,
          uniq_erolcha
Vaults:1: hangedman_vaults_stretched_pinwheel, vaults_mumra_chevron_long,
          ontoclasm_vaults_misaligned, nicolae_vaults_network_square,
          vaults_room_pool, v_misc_5, nicolae_vaults_diagonal_hallway_8,
          nicolae_vaults_network_quinsquares
          [nicolae_vaults_network_quincunx_subvault,
          nicolae_vaults_network_quincunx_subvault,
          nicolae_vaults_network_quincunx_subvault,
          nicolae_vaults_network_quincunx_subvault], v_misc_23,
          grunt_vaults_hallway_short, nicolae_vaults_little_squares_4,
          layout_vaults_omnicross
Vaults:2: hangedman_vaults_slice, vaults_room_fancy_cross,
          hangedman_vaults_pinch, grunt_vaults_hallway_short,
          ontoclasm_vaults_spin, vaults_room_pool, nicolae_vaults_little_ls,
          vaults_mumra_minichess, minmay_crypt_entry_simple_round,
          ontoclasm_vaults_ligature, ontoclasm_vaults_fault,
          nicolae_vaults_windows_and_doors_thing,
          nicolae_vaults_yaktaur_gun_rack, layout_vaults_big_room, serial_shops,
          nicolae_lakefront_shop, uniq_donald
Vaults:3: gammafunk_ghost_door_vault, v_misc_33, hangedman_vaults_stagger,
          v_alt_pattern_2, v_misc_2, hangedman_vaults_capsules, v_misc_5,
          vaults_dpeg_encased_lava, layout_vaults_omnigrid, uniq_mennas
Vaults:4: vaults_room_glass_cross, ontoclasm_vaults_ring_square,
          nicolae_vaults_circle_grid_a, hangedman_vaults_nodes,
          nicolae_vaults_theta, vaults_mumra_chevron, ontoclasm_vaults_tryst,
          grunt_vaults_diagonal, v_misc_1, ontoclasm_vaults_idyll,
          layout_vaults_ring, uniq_frederick
Vaults:5: serial_shops
Depths:1: layout_gridlike, minmay_room_of_horrors, serial_shops,
          nicolae_shop_behind_doors, hangedman_tar_grid_catacomb,
          serial_bayou_lagoon_a, glass_columns_b, chei_slow_surprise,
          uniq_sojobo
Depths:2: nzn_winding_woodlands_medium [nzn_winding_woodlands_hourglass,
          nzn_winding_woodlands_5x15_concentric,
          nzn_winding_woodlands_5x5_cross,
          nzn_winding_woodlands_5x5_closed_star,
          nzn_winding_woodlands_center_garden,
          nzn_winding_woodlands_5x5_open_star, nzn_winding_woodlands_5x5_three,
          nzn_winding_woodlands_5x15_sawtooth,
          nzn_winding_woodlands_5x5_perimeter], layout_cave_pools, pan_entry,
          hell_entry, infiniplex_staircase_pillars_3a, uniq_grunn, uniq_mara,
          uniq_nikola

Notes
Turn   | Place    | Note
-------+----------+-------------------------------------------
     0 | D:1      | MackTheKnife the Deep Elf Wanderer began the quest for the
                  | Orb.
     0 | D:1      | MackTheKnife set off with the following items: a +0 dagger
                  | {short}, 2 scrolls of blinking {!r}, a +0 scale mail, a
                  | scroll of summoning; and the following spell memorised:
                  | Shock; and the following spells available to memorise:
                  | Mephitic Cloud.
     0 | D:1      | Reached XP level 1. HP: 13/13 MP: 5/5
     0 | D:1      | magus.rc [v1.9.6]
    57 | D:1      | Found Emyibb's Distillery.
    80 | D:1      | Bought a potion of curing for 33 gold pieces
    80 | D:1      | Bought a potion of lignification for 33 gold pieces
   266 | D:1      | Reached skill level 2 in Spellcasting
   562 | D:1      | Reached XP level 2. HP: 18/18 MP: 0/7
  1602 | D:2      | Noticed Natasha
  1609 | D:2      | Killed Natasha
  1610 | D:2      | Reached skill level 3 in Spellcasting
  1610 | D:2      | Reached skill level 2 in Air Magic
  1610 | D:2      | Reached XP level 3. HP: 16/22 MP: 0/9
  1690 | D:2      | Learned a level 3 spell: Mephitic Cloud
  1767 | D:2      | Noticed Terence
  1798 | D:2      | Noticed Natasha
  1806 | D:2      | Killed Natasha
  1807 | D:2      | Reached XP level 4. HP: 22/27 MP: 1/11
  1838 | D:2      | Noticed Natasha
  1844 | D:2      | Killed Natasha
  1845 | D:2      | Reached skill level 1 in Conjurations
  1845 | D:2      | Reached skill level 1 in Poison Magic
  2139 | D:2      | You add the spells Ignite Poison, Sticky Flame and Ignition
                  | to your library.
  2181 | D:2      | Killed Terence
  2273 | D:3      | Reached skill level 4 in Spellcasting
  2307 | D:3      | You pick up a book of Winter and begin reading...
  2307 | D:3      | You add the spells Ozocubu's Armour, Metabolic Englaciation
                  | and Simulacrum to your library.
  2447 | D:3      | Noticed Grinder
  2527 | D:3      | Found a faded altar of an unknown god.
  2541 | D:3      | Paralysed by Grinder for 2 turns
  2547 | D:3      | Reached XP level 5. HP: 18/31 MP: 13/13
  2548 | D:3      | Killed Grinder
  2549 | D:3      | Reached skill level 2 in Conjurations
  2549 | D:3      | Reached skill level 3 in Air Magic
  2549 | D:3      | Reached skill level 2 in Poison Magic
  2549 | D:3      | Reached XP level 6. HP: 21/36 MP: 13/15
  3397 | D:4      | Reached skill level 5 in Spellcasting
  3518 | D:4      | Found an ornate altar of the Wu Jian Council.
  3538 | D:4      | Reached skill level 3 in Conjurations
  3538 | D:4      | Reached skill level 3 in Poison Magic
  3589 | D:4      | Learned a level 4 spell: Sticky Flame
  4268 | D:5      | Entered Level 5 of the Dungeon
  4304 | D:5      | Found a blossoming altar of Fedhas.
  4333 | D:5      | Reached XP level 7. HP: 40/40 MP: 11/17
  4388 | D:5      | Reached skill level 6 in Spellcasting
  4388 | D:5      | Reached skill level 4 in Conjurations
  4765 | D:5      | Reached skill level 1 in Fire Magic
  4841 | D:5      | Found a staircase to the Ecumenical Temple.
  4878 | Temple   | Entered the Ecumenical Temple
  5097 | D:5      | Reached skill level 7 in Spellcasting
  5097 | D:5      | Reached skill level 2 in Fire Magic
  5314 | D:5      | Found a glowing golden altar of the Shining One.
  5433 | D:6      | Reached skill level 5 in Conjurations
  5447 | D:6      | Reached XP level 8. HP: 45/45 MP: 6/20
  5585 | D:6      | Found Feumigih's Magic Scroll Boutique.
  5594 | D:6      | Bought a scroll of teleportation for 30 gold pieces
  5594 | D:6      | Bought a scroll of summoning for 95 gold pieces
  5633 | D:6      | Noticed Edmund
  5766 | D:6      | Killed Edmund
  5767 | D:6      | Reached skill level 3 in Fire Magic
  6266 | D:6      | Reached skill level 8 in Spellcasting
  6375 | D:6      | Found a runed translucent door.
  6376 | D:6      | Noticed Crazy Yiuf
  6493 | D:6      | Paralysed by you for 4 turns
  6513 | D:6      | Killed Crazy Yiuf
  6514 | D:6      | Reached skill level 6 in Conjurations
  6662 | D:6      | Reached skill level 4 in Fire Magic
  6941 | D:7      | Found Lurghaumo's Magic Scroll Boutique.
  6953 | D:7      | Bought a scroll of magic mapping for 120 gold pieces
  7446 | D:6      | Bought a scroll of identify for 20 gold pieces
  7446 | D:6      | Bought a scroll of identify for 20 gold pieces
  7446 | D:6      | Bought a scroll of identify for 20 gold pieces
  7446 | D:6      | Identified a scroll of acquirement
  7449 | D:6      | Acquired the +1 helmet of Inviolability {+Blink}
  7834 | D:8      | Found a flagged portal.
  7846 | D:8      | Reached skill level 9 in Spellcasting
  7846 | D:8      | Reached skill level 5 in Fire Magic
  7981 | D:8      | magus.rc [v1.9.6]
  8017 | Bailey   | Entered a bailey
  8026 | Bailey   | Learned a level 3 spell: Ozocubu's Armour
  8026 | Bailey   | magus.rc [v1.9.6]
  8054 | Bailey   | Reached XP level 9. HP: 41/49 MP: 18/24
  8175 | Bailey   | magus.rc [v1.9.6]
  8188 | Bailey   | Reached skill level 1 in Ice Magic
  8296 | Bailey   | magus.rc [v1.9.6]
  8373 | Bailey   | Reached skill level 2 in Ice Magic
  8561 | Bailey   | Reached skill level 6 in Fire Magic
  8630 | Bailey   | Reached skill level 3 in Ice Magic
  8796 | Bailey   | Reached skill level 10 in Spellcasting
  8839 | Bailey   | Acquired the ring of Forad {+Blink rC+ Str+4 Int+5}
  8873 | Bailey   | Noticed an orc high priest
  8885 | Bailey   | Noticed a sun demon
  8889 | Bailey   | Killed an orc high priest
  8890 | Bailey   | Reached skill level 7 in Fire Magic
  8890 | Bailey   | Reached skill level 4 in Ice Magic
  8907 | Bailey   | Noticed an orc sorcerer
  8912 | Bailey   | magus.rc [v1.9.6]
  8914 | Bailey   | magus.rc [v1.9.6]
  8921 | Bailey   | Killed an orc sorcerer
  8922 | Bailey   | Reached skill level 5 in Ice Magic
  9069 | Bailey   | Found an iron altar of Okawaru.
  9160 | D:8      | magus.rc [v1.9.6]
  9174 | D:8      | Found a white marble altar of Elyvilon.
  9242 | D:8      | Reached skill level 11 in Spellcasting
  9389 | D:8      | Reached XP level 10. HP: 50/54 MP: 22/27
  9395 | D:8      | Reached skill level 1 in Dodging
  9539 | D:8      | Found a radiant altar of Vehumet.
  9555 | D:8      | Became a worshipper of Vehumet
  9589 | D:8      | Reached skill level 3 in Fighting
  9589 | D:8      | Reached skill level 2 in Dodging
  9630 | D:8      | Noticed Maggie
  9642 | D:8      | Maggie changed into Maggie the water moccasin
  9642 | D:8      | Noticed Maggie
  9646 | D:8      | Killed Maggie the water moccasin
  9867 | D:8      | Reached skill level 3 in Dodging
 10754 | D:9      | Found a broken altar of Ashenzari.
 10789 | D:9      | Noticed a boulder beetle
 10801 | D:9      | Noticed a red ugly thing
 10808 | D:9      | Killed a boulder beetle
 10809 | D:9      | Reached skill level 4 in Fighting
 10809 | D:9      | Reached skill level 4 in Dodging
 11016 | D:9      | Noticed a seven-headed hydra
 11147 | D:9      | Noticed Erica
 11147 | D:9      | Found a sparkling altar of Nemelex Xobeh.
 11152 | D:9      | Reached skill level 5 in Dodging
 11248 | D:9      | Killed Erica
 11524 | D:9      | Found Soun's Jewellery Shoppe.
 11571 | D:9      | Reached skill level 6 in Dodging
 11574 | D:9      | Reached skill level 5 in Fighting
 11674 | D:9      | Noticed a wizard
 11897 | D:9      | Reached * piety under Vehumet
 11897 | D:9      | Offered knowledge of Magic Dart by Vehumet.
 11930 | D:10     | Entered Level 10 of the Dungeon
 11939 | D:10     | Reached skill level 7 in Dodging
 12164 | D:10     | Noticed Psyche
 12173 | D:10     | Killed Psyche
 12297 | D:9      | magus.rc [v1.9.6]
 12323 | D:9      | Noticed a cyclops
 12323 | D:9      | Noticed a centaur warrior
 12443 | D:10     | Reached skill level 6 in Fighting
 12443 | D:10     | Reached XP level 11. HP: 63/64 MP: 24/28
 12784 | D:10     | Found an opulent altar of Gozag.
 12784 | D:10     | Found a glowing silver altar of Zin.
 12823 | D:10     | Reached skill level 8 in Dodging
 12961 | D:10     | You fall into a shaft and drop 2 floors!
 13001 | D:12     | Found a frozen archway.
 13201 | IceCv    | Entered an ice cave
 13813 | IceCv    | Offered knowledge of Poisonous Vapours by Vehumet.
 13815 | IceCv    | Reached ** piety under Vehumet
 13891 | IceCv    | Learned a level 2 spell: Poisonous Vapours
 14088 | IceCv    | Reached skill level 9 in Dodging
 14294 | IceCv    | Reached skill level 7 in Fighting
 14644 | IceCv    | Noticed a bog body
 14644 | IceCv    | Noticed a bog body
 14647 | IceCv    | Offered knowledge of Inner Flame by Vehumet.
 14647 | IceCv    | Killed a bog body
 14647 | IceCv    | Reached *** piety under Vehumet
 14647 | IceCv    | Killed a bog body
 14648 | IceCv    | Reached skill level 10 in Dodging
 14653 | IceCv    | Learned a level 3 spell: Inner Flame
 14749 | D:12     | Noticed a cyan ugly thing
 14761 | D:12     | HP: 9/67 [cyan ugly thing (13)]
 14764 | D:12     | Killed a cyan ugly thing
 15061 | D:12     | Noticed a two-headed ogre
 15081 | D:12     | Killed a two-headed ogre
 15082 | D:12     | Reached skill level 8 in Fighting
 15499 | D:10     | Found a staircase to the Lair.
 15669 | Lair:1   | Entered Level 1 of the Lair of Beasts
 15907 | D:11     | Reached skill level 11 in Dodging
 16058 | D:11     | Identified a +1 robe of the Archmagi
 16058 | D:11     | Noticed a two-headed ogre
 16073 | D:10     | Killed a two-headed ogre
 16138 | D:11     | Noticed a sixfirhy
 16147 | D:10     | Reached XP level 12. HP: 70/75 MP: 5/29
 16362 | D:11     | Noticed a boulder beetle
 16385 | D:11     | Offered knowledge of Iskenderun's Mystic Blast by Vehumet.
 16407 | D:11     | Killed a boulder beetle
 16576 | D:11     | Acquired the +7 halberd of the Mosquito {pain, Will+ Int+5
                  | SInv}
 16606 | D:11     | Reached skill level 1 in Evocations
 16830 | D:11     | Reached skill level 2 in Evocations
 17243 | D:10     | Reached skill level 3 in Evocations
 17438 | Lair:1   | Reached skill level 4 in Evocations
 17616 | Lair:1   | Reached skill level 5 in Evocations
 17618 | Lair:1   | Reached **** piety under Vehumet
 17820 | Lair:1   | Reached skill level 9 in Fighting
 17926 | Lair:1   | magus.rc [v1.9.6]
 17937 | Lair:1   | Learned a level 4 spell: Iskenderun's Mystic Blast
 17955 | Lair:1   | Offered knowledge of Olgreb's Toxic Radiance by Vehumet.
 17965 | Lair:1   | Learned a level 4 spell: Olgreb's Toxic Radiance
 18181 | Lair:1   | Learned a level 3 spell: Ignite Poison
 19273 | Lair:2   | Reached skill level 10 in Fighting
 19550 | Lair:2   | Noticed Prince Ribbit
 19554 | Lair:2   | Killed Prince Ribbit
 19848 | Lair:2   | Reached skill level 11 in Fighting
 20065 | Lair:2   | Found a staircase to the Swamp.
 20076 | Lair:2   | You pick up a book of Cantrips and begin reading...
 20076 | Lair:2   | You add the spells Necrotise, Summon Small Mammal and
                  | Apportation to your library.
 20582 | Lair:2   | Reached XP level 13. HP: 84/84 MP: 21/30
 20672 | Lair:2   | Reached skill level 7 in Conjurations
 20751 | Lair:2   | magus.rc [v1.9.6]
 21789 | Lair:3   | Reached skill level 8 in Fire Magic
 22043 | Lair:3   | You pick up a book of Sloth and begin reading...
 22043 | Lair:3   | You add the spells Petrify and Statue Form to your library.
 22147 | Lair:3   | Found a staircase to the Snake Pit.
 22424 | Lair:3   | Reached skill level 8 in Conjurations
 22758 | D:12     | Reached skill level 12 in Spellcasting
 23085 | D:12     | Reached ***** piety under Vehumet
 23104 | D:12     | Offered knowledge of Ozocubu's Refrigeration by Vehumet.
 23114 | D:12     | Learned a level 7 spell: Ozocubu's Refrigeration
 23297 | D:12     | Found a staircase to the Orcish Mines.
 23692 | Orc:1    | Entered Level 1 of the Orcish Mines
 23696 | Orc:1    | Reached skill level 6 in Ice Magic
 23857 | Orc:1    | magus.rc [v1.9.6]
 24110 | Orc:1    | Found a dark tunnel.
 24121 | Volcano  | Entered a volcano
 24147 | Volcano  | Noticed a red draconian
 24164 | Volcano  | Killed a red draconian
 24165 | Volcano  | Reached skill level 7 in Ice Magic
 24396 | Volcano  | Reached skill level 8 in Ice Magic
 24810 | Orc:1    | Found a burning altar of Makhleb.
 24933 | Orc:1    | Reached skill level 9 in Ice Magic
 25145 | Orc:2    | Entered Level 2 of the Orcish Mines
 25259 | Orc:2    | Noticed Erolcha
 25263 | Orc:2    | Killed Erolcha
 25295 | Orc:2    | Noticed an orc warlord
 25308 | Orc:2    | Killed an orc warlord
 25457 | Orc:2    | Reached skill level 10 in Ice Magic
 25536 | Orc:2    | Offered knowledge of Spellforged Servitor by Vehumet.
 25844 | Orc:2    | Found Cuodoli's Antique Armour Shoppe.
 25844 | Orc:2    | Found Zim Woass's Jewellery Boutique.
 26053 | Orc:2    | Reached XP level 14. HP: 90/90 MP: 26/32
 26055 | Orc:2    | Identified a +2 robe of the Archmagi
 26082 | Orc:2    | Found Ysinivoe's Weapon Shoppe.
 26082 | Orc:2    | Found Roitewus's Book Boutique.
 26106 | Orc:2    | Bought a book of Unlife for 432 gold pieces
 26106 | Orc:2    | You pick up a book of Unlife and begin reading...
 26106 | Orc:2    | You add the spells Animate Dead, Borgnjor's Vile Clutch and
                  | Death Channel to your library.
 26106 | Orc:2    | Bought a manual of Necromancy for 960 gold pieces
 26290 | Orc:2    | Reached skill level 1 in Necromancy
 26291 | Orc:2    | Reached skill level 2 in Necromancy
 26339 | Orc:2    | Found a staircase to the Elven Halls.
 26455 | Orc:2    | Reached skill level 3 in Necromancy
 27035 | Orc:2    | Found Vulai's Assorted Antiques.
 27043 | Orc:2    | Bought a potion of heal wounds for 170 gold pieces
 27238 | D:9      | Offered knowledge of Freezing Cloud by Vehumet.
 27239 | D:9      | Reached skill level 4 in Necromancy
 27246 | D:9      | Learned a level 5 spell: Freezing Cloud
 27565 | D:9      | Reached skill level 13 in Spellcasting
 27565 | D:9      | Reached skill level 5 in Necromancy
 27794 | D:9      | Reached skill level 6 in Necromancy
 28286 | D:9      | You add the spells Summon Forest, Eringya's Noxious Bog and
                  | Summon Hydra to your library.
 28410 | D:7      | Bought a scroll of amnesia for 64 gold pieces
 28410 | D:7      | Bought a scroll of amnesia for 64 gold pieces
 28410 | D:7      | Bought a scroll of amnesia for 64 gold pieces
 28485 | D:9      | Reached skill level 7 in Necromancy
 28847 | Lair:4   | Learned a level 6 spell: Death Channel
 28938 | Lair:4   | Reached skill level 8 in Necromancy
 28949 | Lair:4   | Reached skill level 14 in Spellcasting
 28950 | Lair:4   | Reached skill level 9 in Necromancy
 29084 | Lair:4   | Found a runed translucent door.
 29279 | Lair:4   | Found a staircase to the Slime Pits.
 29462 | Lair:4   | Reached skill level 10 in Necromancy
 30217 | Lair:4   | Noticed Okey's ghost (journeyman DDFi)
 30242 | Lair:4   | Killed Okey's ghost
 30271 | Lair:5   | Entered Level 5 of the Lair of Beasts
 30402 | Lair:5   | Reached skill level 11 in Necromancy
 30649 | Lair:5   | Reached skill level 15 in Spellcasting
 30699 | Lair:5   | Reached skill level 12 in Necromancy
 30883 | Lair:5   | Found a large runed translucent door.
 30884 | Lair:5   | Found a large runed translucent door.
 31092 | Lair:5   | Reached skill level 13 in Necromancy
 31244 | Lair:5   | Reached XP level 15. HP: 90/95 MP: 27/36
 31378 | Lair:5   | You pick up a book of Geomancy and begin reading...
 31378 | Lair:5   | You add the spells Sandblast, Passwall and Stone Arrow to
                  | your library.
 31812 | Lair:5   | Offered knowledge of Fireball by Vehumet.
 31814 | Lair:5   | Reached skill level 16 in Spellcasting
 32249 | Lair:5   | Reached skill level 14 in Necromancy
 32805 | D:13     | Found a portal to a secret trove of treasure.
 32854 | D:13     | This trove needs 6 scrolls of fog to function. Give it the
                  | items?
 33349 | D:13     | Reached skill level 15 in Necromancy
 33493 | D:13     | Identified the +4 robe of Grottiness {Str+3}
 33865 | D:14     | Noticed Jorgrun
 33873 | D:14     | Killed Jorgrun
 34390 | D:14     | Found a gate to the Vaults.
 34399 | D:14     | Reached skill level 17 in Spellcasting
 34651 | D:14     | Reached skill level 16 in Necromancy
 34844 | D:14     | Noticed Frances
 34849 | D:14     | Killed Frances
 35231 | D:14     | Noticed Lodul
 35240 | D:14     | Killed Lodul
 35756 | D:14     | Reached skill level 18 in Spellcasting
 35856 | D:14     | Learned a level 5 spell: Fireball
 36044 | D:14     | You pick up a book of Blood and begin reading...
 36044 | D:14     | You add the spells Sublimation of Blood and Wereblood to
                  | your library.
 36106 | D:15     | Entered Level 15 of the Dungeon
 36107 | D:15     | magus.rc [v1.9.6]
 36123 | D:15     | Reached skill level 19 in Spellcasting
 36638 | D:15     | Reached XP level 16. HP: 100/100 MP: 10/41
 36801 | D:15     | Reached skill level 20 in Spellcasting
 36807 | D:15     | Offered knowledge of Lightning Bolt by Vehumet.
 37254 | D:15     | Found a staircase to the Depths.
 37307 | D:15     | Found a runed translucent door.
 37307 | D:15     | Noticed Komuxzan's ghost (journeyman NaIE)
 37547 | D:15     | Reached skill level 21 in Spellcasting
 37620 | D:15     | You pick up a book of Misfortune and begin reading...
 37620 | D:15     | You add the spells Yara's Violent Unravelling and Enfeeble
                  | to your library.
 37627 | D:15     | Learned a level 5 spell: Yara's Violent Unravelling
 38466 | D:15     | Killed Komuxzan's ghost
 38467 | D:15     | Reached skill level 22 in Spellcasting
 38821 | Snake:1  | Entered Level 1 of the Snake Pit
 38954 | Snake:1  | Reached skill level 12 in Dodging
 40040 | Snake:1  | Reached skill level 12 in Fighting
 40202 | Snake:1  | Reached skill level 13 in Dodging
 40331 | Snake:1  | Offered knowledge of Arcjolt by Vehumet.
 40679 | Snake:2  | Noticed Vashnia
 40840 | Snake:1  | Learned a level 5 spell: Borgnjor's Vile Clutch
 40937 | Snake:2  | Noticed Agnes
 40940 | Snake:2  | Killed Agnes
 41025 | Snake:2  | Reached XP level 17. HP: 94/108 MP: 18/45
 41313 | Snake:2  | Noticed CoolSool's ghost (journeyman DrBe)
 41314 | Snake:2  | Found a transporter.
 41343 | Snake:2  | Killed Vashnia
 41343 | Snake:2  | HP: 25/108 [naga sharpshooter/arrow[Vashnia] (4)]
 41344 | Snake:2  | Reached skill level 14 in Dodging
 41874 | Snake:2  | Found a transporter.
 42481 | Snake:2  | Reached skill level 13 in Fighting
 43152 | Snake:3  | Reached skill level 15 in Dodging
 43607 | Snake:3  | Reached skill level 9 in Fire Magic
 43645 | Snake:3  | Offered knowledge of Starburst by Vehumet.
 43646 | Snake:3  | Reached skill level 9 in Conjurations
 43657 | Snake:3  | a naga sharpshooter comes into view. It is wielding the +8
                  | Vampire's Tooth {vamp}.
 43966 | Snake:3  | You pick up a book of the Moon and begin reading...
 43966 | Snake:3  | You add the spells Passage of Golubria, Silence and
                  | Lehudib's Crystal Spear to your library.
 44487 | Snake:4  | Entered Level 4 of the Snake Pit
 44682 | Snake:4  | Reached skill level 10 in Fire Magic
 45393 | Snake:4  | Reached skill level 11 in Fire Magic
 45593 | Snake:4  | HP: 20/109 [nagaraja/poison arrow (35)]
 46019 | Snake:4  | Reached skill level 12 in Fire Magic
 46512 | Snake:4  | Got a serpentine rune of Zot
 46794 | Snake:4  | Noticed Mlioglotl
 46906 | Swamp:1  | Entered Level 1 of the Swamp
 46919 | Lair:2   | Learned a level 8 spell: Ignition
 47001 | Swamp:1  | Noticed Roxanne
 47005 | Swamp:1  | Reached XP level 18. HP: 114/114 MP: 32/46
 47006 | Swamp:1  | Reached skill level 13 in Fire Magic
 47621 | Swamp:1  | Reached skill level 14 in Fire Magic
 48314 | Swamp:2  | Reached ****** piety under Vehumet
 49204 | Swamp:3  | Reached skill level 15 in Fire Magic
 49595 | Swamp:3  | Reached skill level 16 in Fire Magic
 49924 | Swamp:3  | Offered knowledge of Fire Storm by Vehumet.
 49924 | Swamp:3  | Offered knowledge of Shatter by Vehumet.
 49924 | Swamp:3  | Offered knowledge of Chain Lightning by Vehumet.
 50390 | Swamp:4  | Entered Level 4 of the Swamp
 51145 | Swamp:4  | You pick up a book of the Sky and begin reading...
 51145 | Swamp:4  | You add the spells Summon Lightning Spire, Storm Form and
                  | Maxwell's Capacitive Coupling to your library.
 51889 | Swamp:4  | HP: 28/115 [four-headed hydra (4)]
 52229 | Swamp:4  | Reached skill level 16 in Dodging
 52643 | Swamp:4  | Reached skill level 14 in Fighting
 52755 | Swamp:4  | Reached XP level 19. HP: 121/121 MP: 35/47
 53171 | Swamp:4  | Got a decaying rune of Zot
 53479 | Vaults:1 | Entered Level 1 of the Vaults
 53665 | Vaults:1 | magus.rc [v1.9.6]
 54408 | Orc:2    | Bought the ring of the Bright Coconut {rF+ rC+ Int+3} for
                  | 498 gold pieces
 54730 | Vaults:1 | You pick up a book of the Hunter and begin reading...
 54730 | Vaults:1 | You add the spells Call Canine Familiar, Portal Projectile
                  | and Leda's Liquefaction to your library.
 55240 | Vaults:1 | Acquired the +1 pair of boots "Ymexkeje" {rPois Int+7}
 56065 | Vaults:2 | Found a staircase to the Crypt.
 56173 | Vaults:2 | Noticed Donald
 57341 | Vaults:2 | Reached skill level 15 in Fighting
 57471 | Vaults:2 | Found Jeydoir's Antique Armour Shoppe.
 57480 | Vaults:2 | Bought a pair of glowing gloves for 270 gold pieces
 58086 | Vaults:2 | a - a +2 triple sword of electrocution {longrare=g}
 58401 | Vaults:2 | Reached skill level 10 in Conjurations
 58967 | Vaults:2 | Reached skill level 17 in Fire Magic
 59536 | Vaults:2 | Reached skill level 11 in Conjurations
 59538 | Vaults:2 | Killed Donald
 59539 | Vaults:2 | Reached XP level 20. HP: 91/129 MP: 9/48
 59695 | Vaults:2 | j - a +0 eveningstar {macerare=g}
 59760 | Vaults:2 | You drop a +0 eveningstar {macerare=g}.
 59808 | Vaults:3 | Noticed Mennas
 60420 | Vaults:2 | magus.rc [v1.9.6]
 60870 | Vaults:3 | You pick up a book of Flames and begin reading...
 60915 | Vaults:3 | Found a huge runed gate.
 60915 | Vaults:3 | Found a huge runed gate.
 60915 | Vaults:3 | Found a huge runed gate.
 60915 | Vaults:3 | Found a huge runed gate.
 60917 | Vaults:3 | Found a huge runed gate.
 60917 | Vaults:3 | Found a huge runed gate.
 60918 | Vaults:3 | Found a huge runed gate.
 60919 | Vaults:3 | Found a huge runed gate.
 60919 | Vaults:3 | Found a huge runed gate.
 60919 | Vaults:3 | Found a huge runed gate.
 61356 | Vaults:3 | Found a huge runed gate.
 61356 | Vaults:3 | Found a huge runed gate.
 61356 | Vaults:3 | Found a huge runed gate.
 61356 | Vaults:3 | Found a huge runed gate.
 61356 | Vaults:3 | Found a huge runed gate.
 61356 | Vaults:3 | Found a huge runed gate.
 61356 | Vaults:3 | Found a huge runed gate.
 61357 | Vaults:3 | Found a huge runed gate.
 61358 | Vaults:3 | Found a huge runed gate.
 61366 | Vaults:3 | Found a huge runed gate.
 61366 | Vaults:3 | Found a huge runed gate.
 61366 | Vaults:3 | Found a huge runed gate.
 61366 | Vaults:3 | Found a huge runed gate.
 61366 | Vaults:3 | Found a huge runed gate.
 61366 | Vaults:3 | Found a huge runed gate.
 61367 | Vaults:3 | Found a huge runed gate.
 61368 | Vaults:3 | Found a huge runed gate.
 61369 | Vaults:3 | Found a huge runed gate.
 61377 | Vaults:3 | Found a huge runed gate.
 61377 | Vaults:3 | Found a huge runed gate.
 61377 | Vaults:3 | Found a huge runed gate.
 61377 | Vaults:3 | Found a huge runed gate.
 61377 | Vaults:3 | Found a huge runed gate.
 61377 | Vaults:3 | Found a huge runed gate.
 61379 | Vaults:3 | Found a huge runed gate.
 61380 | Vaults:3 | Found a huge runed gate.
 61399 | Vaults:3 | Noticed Plog's ghost (adept AtMo)
 61399 | Vaults:3 | Noticed Qarummed's ghost (adept GnBr)
 61400 | Vaults:3 | Noticed Ciotsan's ghost (adept FeIE)
 61400 | Vaults:3 | Noticed Ymilidghe's ghost (adept TrGl)
 61400 | Vaults:3 | Killed Ciotsan's ghost
 61400 | Vaults:3 | Noticed Siling's ghost (adept DjFE)
 61400 | Vaults:3 | Noticed Putsipo's ghost (veteran GrGl)
 61400 | Vaults:3 | Noticed Wikemp's ghost (veteran DsWn)
 61401 | Vaults:3 | Reached skill level 12 in Conjurations
 61401 | Vaults:3 | Found the +8 whip "Snakebite" {venom, curare, rPois}
 61401 | Vaults:3 | Noticed Uquewn Suowu's ghost (veteran GnWr)
 61403 | Vaults:3 | Killed Qarummed's ghost
 61860 | Vaults:4 | Reached skill level 18 in Fire Magic
 62466 | Vaults:4 | Reached skill level 23 in Spellcasting
 62860 | Vaults:4 | L - +0 shadow dragon scales {rare}
 62868 | Vaults:4 | You pick up a book of Beasts and begin reading...
 62868 | Vaults:4 | You add the spells Summon Ice Beast, Summon Mana Viper and
                  | Monstrous Menagerie to your library.
 62893 | Vaults:4 | Learned a level 5 spell: Summon Forest
 63513 | Vaults:4 | Reached skill level 13 in Conjurations
 63535 | Vaults:4 | HP: 32/129 [ironbound thunderhulk/bolt of lightning (18)]
 64002 | Vaults:4 | Noticed Frederick
 64121 | Vaults:4 | You pick up a book of the Hunter and begin reading...
 64476 | Vaults:5 | Entered Level 5 of the Vaults
 64478 | Vaults:5 | Reached skill level 19 in Fire Magic
 64482 | Vaults:5 | Reached skill level 14 in Conjurations
 64482 | Vaults:5 | Reached XP level 21. HP: 122/134 MP: 26/50
 65052 | Depths:1 | Entered Level 1 of the Depths
 65094 | Depths:1 | Found Bong's Armour Shoppe.
 65530 | Depths:1 | Reached skill level 24 in Spellcasting
 66333 | Depths:1 | Found a one-way gate to the infinite horrors of the Abyss.
 66347 | Depths:1 | Learned a level 9 spell: Fire Storm
 66556 | Depths:1 | Noticed Sojobo
 66558 | Depths:1 | Killed Sojobo
 66840 | Depths:1 | You fall into a shaft and drop 1 floor!
 66933 | Depths:1 | You pick up a book of Transfigurations {@e2} and begin
                  | reading...
 66933 | Depths:1 | You add the spells Irradiate, Blade Hands and Dragon Form
                  | to your library.
 66966 | Depths:1 | Found a gateway to Hell.
 67095 | Depths:2 | Noticed Grunn
 67245 | Depths:2 | Noticed Mara
 67439 | Depths:2 | Killed Grunn
 67520 | Depths:2 | Noticed a caustic shrike
 67522 | Depths:2 | Reached skill level 15 in Conjurations
 67525 | Depths:2 | Killed a caustic shrike
 67539 | Depths:2 | HP: 18/134 [Mara/+3 vampiric demon blade (28)]
 67539 | Depths:2 | Killed from afar by Mara (illusionary)

Vanquished Creatures
  Sojobo (Depths:1)
  Vashnia (Snake:2)
  A caustic shrike (Depths:2)
  A doom hound (Depths:2)
  The ghost of Qarummed the Unseen, an adept GnBr of Ashenzari (Vaults:3)
  Jorgrun (D:14)
  Grunn (Depths:2)
  A titan (Vaults:4)
  An ancient champion (Vaults:2)
  A thorn hunter (Swamp:4)
  Frances (D:14)
  3 sphinxes
  3 tengu reavers
  Agnes (Snake:2)
  Donald (Vaults:2)
  A fenstrider witch (Swamp:3)
  The ghost of Komuxzan the Arsonist, a journeyman NaIE of Gozag (D:15)
  2 nagarajas
  6 fire giants
  A shadow dragon (Vaults:4)
  A deep elf sorcerer (Vaults:3)
  A frost giant (Depths:2)
  14 vault wardens
  2 ghouls (Swamp:4)
  6 very ugly things
  4 orc warlords
  2 spriggan defenders (Depths:2)
  7 ironbound thunderhulks
  12 ironbound preservers
  A war gargoyle (Vaults:4)
  The ghost of Ciotsan the Gelid, an adept FeIE of Vehumet (Vaults:3)
  6 stone giants
  A deep elf annihilator (Vaults:3)
  11 dire elephants (Vaults:2)
  9 bunyips
  An eleionoma (Swamp:2)
  A red draconian (Volcano)
  The ghost of Okey the Cleaver, a journeyman DDFi of Okawaru (Lair:4)
  A spark wasp (Depths:2)
  A deep elf death mage (Vaults:2)
  6 ettins
  2 crystal guardians
  2 fire dragons
  An entropy weaver (shapeshifter) (D:14)
  2 jiangshi (Depths:2)
  6 yaktaur captains
  3 shambling mangroves (Swamp:4)
  2 deep elf high priests (Vaults:5)
  31 vault guards
  3 great orbs of eyes
  4 salamander tyrants
  2 peacekeepers
  31 hydras
  8 ironbound frosthearts
  Erolcha (Orc:2)
  11 anacondas
  A rakshasa (Depths:1)
  A spriggan air mage (Depths:2)
  17 centaur warriors
  A ghost crab (Swamp:3)
  12 alligators
  4 ogre magi
  Erica (D:9)
  2 deep troll shamans (Depths:1)
  An anaconda (shapeshifter) (Vaults:3)
  12 two-headed ogres
  11 death yaks
  7 boulder beetles
  2 deep troll earth magi (Depths:1)
  2 vampire magi (Depths:2)
  7 shock serpents
  An orc high priest (Bailey)
  8 tengu warriors
  16 naga warriors
  15 naga sharpshooters
  6 hell knights (Depths:1)
  13 salamander mystics
  A flayed ghost (Vaults:2)
  7 goliath frogs
  A deep troll (shapeshifter) (D:9)
  Lodul (D:14)
  A sea snake (Snake:2)
  2 spriggan druids
  3 glowing orange brains
  40 deep trolls
  5 wizards
  11 bog bodies
  11 swamp dragons
  20 ironbound convokers
  3 naga ritualists
  4 deep elf pyromancers (D:15)
  4 harpies (Vaults:1)
  5 lindwurms (Vaults:2)
  3 necromancers
  4 mana vipers
  13 orc knights
  11 orc sorcerers
  43 ugly things
  3 will-o-the-wisps
  6 manticores
  12 cyclopes
  30 salamanders
  39 black mambas
  10 elephants
  6 guardian serpents
  10 vault sentinels
  A cyclops (shapeshifter) (Vaults:4)
  8 naga magi
  A torpor snail (Lair:4)
  A gargoyle (D:14)
  An ice statue (IceCv)
  2 molten gargoyles (Lair:5)
  11 cane toads
  27 yaktaurs
  3 rime drakes
  Psyche (D:10)
  A freezing wraith (D:9)
  5 kobold demonologists
  18 komodo dragons
  An ice devil (IceCv)
  4 meliai
  5 trolls
  9 bloated husks
  A hydra zombie (Swamp:3)
  6 tengu conjurers
  3 polar bears
  18 hornets
  Prince Ribbit (Lair:2)
  18 blink frogs
  5 tyrant leeches
  Grinder (D:3)
  A flying skull (Vaults:2)
  6 slime creatures
  2 shadows
  A yak (shapeshifter) (D:14)
  15 spriggans
  A wraith (D:12)
  2 vampires
  2 water elementals (Depths:1)
  3 wyverns
  29 yaks
  4 large abominations (Depths:1)
  A dire elephant simulacrum (IceCv)
  3 death yak simulacra (IceCv)
  7 basilisks
  A basilisk (shapeshifter) (D:14)
  12 vampire mosquitoes
  A redback (shapeshifter) (D:15)
  3 chaos spawn (Depths:1)
  4 harpy simulacra
  44 nagas
  11 wargs
  Edmund (D:6)
  An acid dragon (D:10)
  13 water moccasins
  3 hell hounds (Lair:5)
  14 swamp worms
  28 orc warriors
  7 swamp drakes (Swamp:4)
  3 alligator simulacra (Swamp:3)
  An ice beast (D:7)
  2 swamp dragon zombies (Swamp:3)
  A black bear (D:8)
  17 ogres
  3 boggarts (Vaults:2)
  7 centaurs
  16 wolves
  2 kobold brigands
  2 phantoms
  2 necrophages
  4 gnoll sergeants
  10 bullfrogs
  A scorpion (D:6)
  2 cane toad simulacra
  7 two-headed ogre simulacra
  3 wights (D:8)
  An elephant simulacrum (IceCv)
  A swamp dragon simulacrum (Swamp:3)
  7 electric eels
  6 howler monkeys
  4 lava snakes (Lair:5)
  8 small abominations (Depths:1)
  A gnoll bouda (D:9)
  6 hounds
  5 jellies
  15 orc priests
  Crazy Yiuf (D:6)
  An iguana (D:4)
  Terence (D:2)
  Natasha (thrice) (D:2)
  7 spriggan simulacra (IceCv)
  44 orc wizards
  9 troll simulacra
  4 wolf simulacra
  3 polar bear simulacra (IceCv)
  A mummy (D:8)
  23 gnolls
  4 adders
  7 naga simulacra
  A river rat (Bailey)
  2 shadow imps
  3 white imps (IceCv)
  6 ufetubi
  A worm (D:2)
  A dart slug (D:3)
  110 orcs
  8 ball pythons
  2 endoplasms (D:3)
  3 giant cockroaches
  9 hobgoblins
  4 jackals (D:4)
  3 quokkas
  4 bats
  3 frilled lizards
  14 goblins
  3 hobgoblin zombies (D:8)
  13 kobolds
  An orc zombie (D:8)
  3 briar patches (Swamp:4)
  8 fire vortices
1496 creatures vanquished.

Vanquished Creatures (collateral kills)
  An ironbound thunderhulk (Vaults:4)
  A hydra (Lair:5)
  A boulder beetle (D:11)
  A two-headed ogre (D:14)
  A swamp dragon (Swamp:4)
  A lindwurm (Lair:5)
  A necromancer (D:15)
  A black mamba (Lair:5)
  A molten gargoyle (Lair:5)
  A troll (D:10)
  A slime creature (D:14)
  A spriggan (Depths:2)
  2 yaks (Lair:5)
  A steam dragon (Lair:5)
  A basilisk (Lair:5)
  A lava snake (Lair:5)
  A gnoll (D:10)
18 creatures vanquished.

Vanquished Creatures (others)
  An eldritch tentacle (Vaults:3)
  An iron dragon (Vaults:3)
  A fire giant (Depths:2)
  A hydra (Swamp:3)
  An alligator (Swamp:3)
  A spriggan (Swamp:3)
  A swamp dragon (Swamp:1)
  A will-o-the-wisp (Swamp:3)
  A bloated husk (Swamp:3)
  A hornet (Swamp:3)
  A wyvern (Lair:5)
  3 ball lightnings (Vaults:3)
  38 fire vortices
  12 foxfires
  73 fungi
  135 plants
  21 withered plants (Lair:4)
293 creatures vanquished.

Grand Total: 1807 creatures vanquished

Table legend:
 A = Non-vault XP
 B = Vault XP
 C = Vault XP percentage of total XP
 D = Non-vault monster count
 E = Vault monster count
 F = Vault count percentage of total count
                 A         B        C        D         E       F
            +---------+---------+-------+---------+---------+-------
      Total |  381695 |  272825 |  41.7 |     936 |     577 |  38.1
            +---------+---------+-------+---------+---------+-------
        D:1 |      16 |       0 |   0.0 |       9 |       0 |   0.0
        D:2 |      85 |      71 |  45.5 |       9 |       2 |  18.2
        D:3 |      37 |     254 |  87.3 |      14 |       1 |   6.7
        D:4 |     228 |       0 |   0.0 |      28 |       0 |   0.0
        D:5 |     624 |       0 |   0.0 |      12 |       0 |   0.0
        D:6 |     715 |     197 |  21.6 |      20 |       2 |   9.1
        D:7 |     278 |       0 |   0.0 |      10 |       0 |   0.0
        D:8 |    1204 |     192 |  13.8 |      27 |      10 |  27.0
        D:9 |    1912 |    7931 |  80.6 |      25 |      12 |  32.4
       D:10 |    4507 |    1166 |  20.6 |      22 |       8 |  26.7
       D:11 |    2008 |     123 |   5.8 |      11 |       3 |  21.4
       D:12 |    4999 |     585 |  10.5 |      19 |      25 |  56.8
       D:13 |    4417 |       0 |   0.0 |      11 |       0 |   0.0
       D:14 |    8042 |   18481 |  69.7 |      14 |      33 |  70.2
       D:15 |   23878 |   15473 |  39.3 |      41 |      24 |  36.9
     Lair:1 |    4155 |     493 |  10.6 |      22 |       1 |   4.3
     Lair:2 |    7283 |    2993 |  29.1 |      33 |       9 |  21.4
     Lair:3 |    5457 |    1135 |  17.2 |      16 |       6 |  27.3
     Lair:4 |   10724 |    1561 |  12.7 |      25 |       7 |  21.9
     Lair:5 |   15839 |    7935 |  33.4 |      37 |      26 |  41.3
    Swamp:1 |   18087 |       0 |   0.0 |      35 |       0 |   0.0
    Swamp:2 |   11175 |       0 |   0.0 |      20 |       0 |   0.0
    Swamp:3 |   16817 |    5491 |  24.6 |      26 |      18 |  40.9
    Swamp:4 |   18543 |   22637 |  55.0 |      32 |      35 |  52.2
    Snake:1 |   16312 |    4800 |  22.7 |      29 |       8 |  21.6
    Snake:2 |   11878 |   19408 |  62.0 |      26 |      24 |  48.0
    Snake:3 |   23812 |       0 |   0.0 |      53 |       0 |   0.0
    Snake:4 |    4856 |   25176 |  83.8 |      11 |      39 |  78.0
      Orc:1 |    3388 |       0 |   0.0 |      35 |       0 |   0.0
      Orc:2 |    6046 |    6671 |  52.5 |      54 |      56 |  50.9
   Vaults:1 |   18297 |    4987 |  21.4 |      25 |       7 |  21.9
   Vaults:2 |   38926 |   33611 |  46.3 |      64 |      39 |  37.9
   Vaults:3 |    7762 |   20763 |  72.8 |      11 |      24 |  68.6
   Vaults:4 |   37752 |   16415 |  30.3 |      46 |      18 |  28.1
   Vaults:5 |    1471 |   23264 |  94.1 |       2 |      27 |  93.1
   Depths:1 |   24372 |    8918 |  26.8 |      30 |      18 |  37.5
   Depths:2 |   25793 |   10453 |  28.8 |      32 |       7 |  17.9
     Bailey |       0 |    2712 | 100.0 |       0 |      33 | 100.0
      IceCv |       0 |    4681 | 100.0 |       0 |      50 | 100.0
    Volcano |       0 |    4248 | 100.0 |       0 |       5 | 100.0
            +---------+---------+-------+---------+---------+-------

Illustrated notes

Table legend:
 A = Kills in this place as a percentage of kills in entire the game.
 B = Kills by you in this place as a percentage of kills by you in the entire game.
 C = Kills by friends in this place as a percentage of kills by friends in the entire game.
 D = Other kills in this place as a percentage of other kills in the entire game.
 E = Experience gained in this place as a percentage of experience gained in the entire game.
 F = Experience gained in this place divided by the number of levels of this place that you have seen.
                   A       B       C       D       E      F
               +-------+-------+-------+-------+-------+----------------------
         Total | 100.0 | 100.0 | 100.0 | 100.0 | 100.0 | 15963.9
       Dungeon |  25.9 |  25.4 |  33.3 |  42.9 |  14.9 | 6494.9
          Lair |  12.0 |  11.6 |  50.0 |   8.6 |   8.8 | 11515.0
         Swamp |  11.0 |  10.8 |   5.6 |  20.0 |  14.2 | 23187.5
     Snake Pit |  12.6 |  13.0 |   0.0 |   0.0 |  16.2 | 26560.5
  Orcish Mines |   9.6 |   9.9 |   0.0 |   0.0 |   2.5 | 8052.5
        Vaults |  17.4 |  17.9 |   5.6 |   2.9 |  31.1 | 40649.6
        Depths |   5.8 |   5.8 |   5.6 |   2.9 |  10.6 | 34768.0
        Bailey |   2.2 |   1.8 |   0.0 |  20.0 |   0.4 | 2712.0
      Ice Cave |   3.3 |   3.4 |   0.0 |   0.0 |   0.7 | 4681.0
       Volcano |   0.3 |   0.3 |   0.0 |   2.9 |   0.6 | 4248.0
               +-------+-------+-------+-------+-------+----------------------

Table legend: (Time is in decaauts)
 A = Elapsed time spent in this place.
 B = Non-inter-level travel time spent in this place.
 C = Inter-level travel time spent in this place.
 D = Time resting spent in this place.
 E = Time spent auto-exploring this place.
 F = Levels seen in this place.
 G = Mean time per level.
                   A        B        C        D        E       F      G
               +--------+--------+--------+--------+--------+-----+--------+
         Total |  68134 |  63997 |   4137 |  24226 |  31424 |  41 | 1661.8 |
       Dungeon |  23856 |  21720 |   2136 |   6718 |  12100 |  15 | 1590.4 |
        Temple |    130 |    130 |      0 |      0 |     63 |   1 |  130.0 |
          Lair |  10081 |   9513 |    568 |   2932 |   5539 |   5 | 2016.2 |
         Swamp |   6150 |   5944 |    206 |   2872 |   2392 |   4 | 1537.5 |
     Snake Pit |   8076 |   7972 |    104 |   3022 |   4240 |   4 | 2019.0 |
  Orcish Mines |   2962 |   2818 |    144 |    774 |   1499 |   2 | 1481.0 |
        Vaults |  11187 |  10324 |    863 |   5217 |   3933 |   5 | 2237.4 |
        Depths |   2506 |   2392 |    114 |   1228 |    876 |   2 | 1253.0 |
        Bailey |   1142 |   1142 |      0 |    497 |    192 |   1 | 1142.0 |
      Ice Cave |   1543 |   1543 |      0 |    824 |    388 |   1 | 1543.0 |
       Volcano |    495 |    495 |      0 |    141 |    199 |   1 |  495.0 |
               +--------+--------+--------+--------+--------+-----+--------+

Top non-repeatable levels by time:
Vaults:2: 3892 daAuts
Vaults:4: 2926 daAuts
     D:9: 2859 daAuts
Vaults:1: 2792 daAuts
  Lair:2: 2700 daAuts
    D:15: 2495 daAuts
    D:14: 2427 daAuts
 Swamp:4: 2417 daAuts
Depths:1: 2372 daAuts
    D:10: 2334 daAuts
  Lair:5: 2296 daAuts
 Snake:4: 2140 daAuts
 Snake:1: 2063 daAuts
 Snake:2: 2045 daAuts
    D:12: 1985 daAuts
